Map: [ESL] Royal Blood

Players

Serral - Winner!

  • Race: Zerg Zerg

Elazer

  • Race: Zerg Zerg

Event: IEM Katowice 2023

VOD

Have the link to the VOD?

Description

Time

  • Played on: Feb. 11, 2023, 7:08 a.m.
  • Length: 5:34

All games in this series

Show
View Real Time Build Order
Export as new Build Order

Serral Zerg - Winner!

Build Orders: Hatch First, Zergling Baneling 

Get SALT Encoding   

  12  0:00  Drone  
  13  0:11  Overlord  
  13  0:16  Drone  
  14  0:30  Drone x2  
  16  0:47  Hatchery  
  15  0:50  Drone  
  15  0:53  Drone  
  17  0:57  Drone  
  18  1:07  Extractor  
  17  1:12  Spawning Pool  
  17  1:15  Drone  
  17  1:18  Drone  
  18  1:27  Drone  
  19  1:38  Drone  
  20  1:56  Drone  
  20  1:59  Queen x2  
  20  2:00  Overlord, Zergling x2  
  26  2:08  Metabolic Boost  
  26  2:09  Drone  
  26  2:10  Drone  
  28  2:20  Zergling x2  
  28  2:21  Drone  
  30  2:32  Hatchery  
  30  2:35  Drone  
  30  2:37  Drone  
  30  2:42  Drone  
  32  2:47  Baneling Nest  
  32  2:49  Overlord  
  31  2:55  Drone  
  31  2:56  Drone  
  33  3:07  Zergling x6  
  33  3:09  Zergling x6  
  33  3:11  Zergling x2  
  40  3:14  Zergling x2  
  40  3:19  Overlord  
  41  3:21  Drone  
  41  3:26  Queen  
  44  3:31  Baneling x4  
  44  3:38  Drone x3, Zergling x2  
  44  3:40  Drone  
  49  3:42  Drone  
  49  3:46  Drone x2  
  52  3:49  Drone  
  52  3:53  Overlord  
  52  3:55  Drone  
  53  4:00  Drone  
  53  4:01  Drone  
  53  4:03  Zergling x2  
  53  4:05  Baneling x2  
  54  4:11  Extractor, Roach Warren  
  54  4:12  Zergling x4  
  54  4:17  Overlord  
  54  4:18  Zergling x4  
  56  4:24  Zergling x4  
  56  4:25  Zergling x2  
  56  4:26  Baneling x2  
  56  4:29  Zergling x4  
  59  4:32  Baneling x2  
  56  4:41  Drone  
  56  4:42  Queen  
  59  4:48  Overlord  
  58  4:55  Roach  
  58  4:56  Roach x4  
  65  5:01  Roach  
  66  5:08  Drone x2  
  66  5:13  Roach x3  
  70  5:14  Zergling x8  
Show
View Real Time Build Order
Export as new Build Order

Elazer Zerg 

Build Orders: Hatch First, Zergling Baneling 

Get SALT Encoding   

  12  0:00  Drone  
  13  0:12  Overlord  
  13  0:16  Drone  
  14  0:31  Drone x2  
  16  0:48  Hatchery  
  15  0:51  Drone  
  15  0:54  Drone  
  17  0:58  Drone  
  18  1:08  Extractor  
  17  1:13  Spawning Pool  
  17  1:16  Drone  
  17  1:20  Drone  
  18  1:28  Drone  
  19  1:40  Drone  
  20  1:50  Drone  
  21  1:59  Queen x2  
  21  2:00  Zergling x2  
  21  2:01  Overlord  
  26  2:08  Metabolic Boost  
  26  2:11  Drone  
  26  2:12  Drone  
  28  2:22  Drone, Zergling x2  
  30  2:33  Hatchery  
  29  2:38  Drone x2  
  31  2:47  Drone  
  31  2:50  Overlord, Baneling Nest  
  31  2:53  Drone  
  33  2:58  Drone  
  33  3:06  Drone x2  
  33  3:08  Overlord  
  33  3:09  Drone  
  36  3:13  Zergling x4  
  36  3:14  Zergling x2  
  36  3:17  Drone  
  36  3:18  Drone  
  41  3:20  Drone  
  41  3:26  Queen  
  42  3:34  Baneling x2, Zergling x4  
  46  3:46  Queen  
  46  3:48  Zergling x2  
  49  3:52  Zergling x4  
  49  3:55  Zergling x12  
  49  4:08  Baneling  
  49  4:09  Baneling  
  49  4:11  Baneling  
  49  4:12  Baneling  
  49  4:13  Drone x6  
  54  4:17  Drone x3  
  54  4:23  Overlord  
  53  4:34  Drone x5  
  54  4:39  Zergling x8  
  51  4:48  Queen  
  51  4:51  Drone x2  
  50  4:53  Drone  
  50  4:58  Baneling x2  
  49  5:01  Drone x4  
  51  5:11  Drone x3  
  47  5:21  Drone x3  
  47  5:22  Drone x4  

Tags
 
Add a new tag
Caveats
  • Supply blocks, unpowered buildings, or Contaminate may cause inaccurate times.
  • Supply counts are checked every 10 seconds.